 Dungeon Crawl Stone Soup version 0.28.0-47-ge53b351184 (webtiles) character file.

Game seed: 1764044678644193487

85 RatsInWalls the Shield-Bearer (level 4, 3/37 HPs)
             Began as a Formicid Fighter on May 9, 2022.
             Quit the game on level 2 of the Dungeon.
             The game lasted 00:01:55 (1329 turns).

RatsInWalls the Shield-Bearer (Formicid Fighter)    Turns: 1329, Time: 00:01:56

Health: 3/37       AC:  7    Str: 22    XL:     4   Next: 75%
Magic:  4/4        EV:  9    Int:  8    God:
Gold:   22         SH:  4    Dex: 10    Spells: 3/3 levels left

rFire   . . .      SeeInvis +   a - +0 long sword
rCold   . . .      Faith    .   c - +0 buckler
rNeg    . . .      Spirit   .   b - +0 scale mail
rPois   .          Reflect  .   (helmet unavailable)
rElec   .          Harm     .   (no cloak)
rCorr   .          Rampage  .   (no gloves)
Will    .....                   (no boots)
Stlth   ..........              (no amulet)
HPRegen 0.12/turn               (no ring)
MPRegen 0.09/turn               (no ring)

@: no status effects
A: permanent stasis, dig shafts and tunnels, antennae 3, four strong arms
a: Dig, Shaft Self


You were on level 2 of the Dungeon.
You visited 1 branch of the dungeon, and saw 2 of its levels.

You collected 22 gold pieces.

Inventory:

Hand Weapons
 a - a +0 long sword (weapon)
Armour
 b - a +0 scale mail (worn)
 c - a +0 buckler (worn)
Scrolls
 e - a scroll of amnesia {unknown}
 h - a scroll of blinking {unknown}
 i - a scroll of fog {unknown}
Potions
 d - a potion of might
 f - a potion of ambrosia {unknown}
 g - 2 potions of cancellation {unknown}
 j - a potion of lignification {unknown}
 k - a potion of curing {unknown}


   Skills:
 + Level 3.8 Fighting
 * Level 3.2 Long Blades
 + Level 3.9 Armour
 + Level 4.2 Shields


You had 3 spell levels left.
You didn't know any spells.
Your spell library was empty.

Dungeon Overview and Level Annotations

Branches:
Dungeon (2/15)

Altars:


Innate Abilities, Weirdness & Mutations

You cannot be hasted, slowed, berserked, paralysed or teleported.
You can dig through walls and to a lower floor.
You have a pair of large antennae on your head. (SInv)
Your four strong arms can wield two-handed weapons with a shield.


Message History

The gnoll is heavily wounded.
The gnoll hits you with a +0 spear. The gnoll barely misses you.
The gnoll hits you from afar with a +0 halberd.
You hit the gnoll.
The gnoll is almost dead.
You block the gnoll's attack. The gnoll completely misses you.
The gnoll barely misses you.
You slash the gnoll!
You kill the gnoll!
The gnoll closely misses you.
The gnoll hits you but does no damage. x2
You slash the gnoll!
The gnoll is almost dead.
The gnoll barely misses you. The gnoll hits you but does no damage.
The gnoll hits you from afar with a +0 halberd!
You slash the gnoll!
You kill the gnoll!
The gnoll hits you from afar with a +0 halberd!
* * * LOW HITPOINT WARNING * * *
You are too injured to fight recklessly!
You are too injured to fight recklessly!
You are too injured to fight recklessly!
You are too injured to fight recklessly!
Unknown command.
The gnoll hits you with a +0 halberd.
* * * LOW HITPOINT WARNING * * *
You hit the gnoll.
The gnoll is moderately wounded.
The gnoll hits you but does no damage.
You barely miss the gnoll.
The gnoll is moderately wounded.
The gnoll hits you with a +0 halberd.
* * * LOW HITPOINT WARNING * * *
The gnoll hits you with a +0 halberd.
* * * LOW HITPOINT WARNING * * *
You slash the gnoll!
You kill the gnoll!
Things that are here:
a +0 halberd; a gnoll corpse Unknown command.
Are you sure you want to abandon this character and quit the game? (Confirm with "yes".)

### #.# #.#### .
######....#
....#...))...#
#)...@.....# #.#
#<...####.#.# #.# ###.
#.#.# #.# .. #.#.# #.#
.. #.#.# #.#.# #.#.#
#.# ..#.#
#######.#############.#
..........>...........#


There were no monsters in sight!

Vanquished Creatures
  Jessica (D:2)
  3 gnolls (D:2)
  A dart slug (D:1)
  4 ball pythons (D:1)
  4 endoplasms (D:1)
  5 goblins
  2 hobgoblins (D:1)
  2 kobolds
  A quokka (D:1)
  A frilled lizard (D:2)
  5 rats
29 creatures vanquished.

Vanquished Creatures (others)
  3 plants (D:1)
3 creatures vanquished.

Grand Total: 32 creatures vanquished

Notes
Turn   | Place    | Note
-------+----------+-------------------------------------------
     0 | D:1      | RatsInWalls the Formicid Fighter began the quest for the
                  | Orb.
     0 | D:1      | Reached XP level 1. HP: 18/18 MP: 1/1
   207 | D:1      | Reached XP level 2. HP: 24/24 MP: 2/2
   881 | D:1      | Reached XP level 3. HP: 23/25 MP: 3/3
  1214 | D:2      | Noticed Jessica
  1216 | D:2      | Reached skill level 4 in Shields
  1224 | D:2      | Killed Jessica
  1225 | D:2      | Reached XP level 4. HP: 31/37 MP: 4/4
  1329 | D:2      | Quit the game

Illustrated notes

Levels and vault maps discovered:
D:1:      giann_horns, layout_loops_corners, serial_bayou_lake_a
D:2:      layout_basic, corexii_item_surrounded_by_moat, glass_columns_c,
          uniq_jessica, uniq_natasha

Skill      XL: |  1  2  3 |
---------------+----------+-----
Shields        | 4 |  4.2
Long Blades    | 3 |  3.2
Fighting       | |  3.8
Armour         | |  3.9

Action                   |  1- 3 |  4- 6 || total
-------------------------+-------+-------++-------
Melee: Long sword        |    61 |    10 ||    71
Armor: Scale mail        |    22 |     6 ||    28
Dodge: Dodged            |    15 |     8 ||    23
Block: Buckler           |     9 |     4 ||    13
